 Dungeon Crawl Stone Soup version 0.25.1-2-g60ff931df9 (webtiles) character file.

Game seed: 8161925814576560649

30 Martska the Changer (level 3, -3/31 HPs)
             Began as a Naga Transmuter on Oct 14, 2020.
             Slain by a crimson imp (4 damage)
             ... summoned by Natasha
             ... on level 2 of the Dungeon.
             The game lasted 00:02:00 (1998 turns).

Martska the Changer (Naga Transmuter)               Turns: 1998, Time: 00:02:01

Health: -3/31      AC:  2    Str: 12    XL:     3   Next: 20%
Magic:  6/6        EV: 10    Int: 14    God:
Gold:   52         SH:  0    Dex: 11    Spells: 5/6 levels left

rFire    . . .     SeeInvis +   f - +1 dagger
rCold    . . .     Gourm    .   (no shield)
rNeg     . . .     Faith    .   b - +0 robe
rPois    +         Spirit   .   (no helmet)
rElec    .         Reflect  .   (no cloak)
rCorr    .         Harm     .   (no gloves)
MR       .....                  (no barding)
Stlth    +.........             (no amulet)
HPRegen  0.10/turn              (no ring)
MPRegen  0.10/turn              (no ring)

@: about to teleport, very slow
A: large, see invisible, deformed body, poison resistance, slowness 2, slow
metabolism 1, spit poison 1, AC +1
a: Spit Poison


You were on level 2 of the Dungeon.
You were not hungry.

You visited 1 branch of the dungeon, and saw 2 of its levels.

You collected 52 gold pieces.

Inventory:

Hand Weapons
 f - a +1 dagger (weapon)
Missiles
 a - 12 arrows
Armour
 b - a +0 robe (worn)
Jewellery
 k - an uncursed amulet of faith {unknown}
Scrolls
 m - a scroll of blinking {unknown}
Potions
 c - 2 potions of curing {unknown}
 h - a potion of stabbing {unknown}
 i - 2 potions of haste {unknown}
Comestibles
 d - a chunk of flesh


   Skills:
 - Level 1.0 Fighting
 - Level 1.5 Dodging
 - Level 3.0 Unarmed Combat
 - Level 2.0 Spellcasting
 * Level 3.5 Transmutations


You had 5 spell levels left.
You knew the following spells:

 Your Spells              Type           Power        Failure   Level  Hunger
a - Beastly Appendage     Tmut           ##....       5%          1    ##.....

Your spell library contained the following spells:

 Spells                   Type           Power        Failure   Level  Hunger
 Sticks to Snakes         Tmut           ##......     9%          2    ###....
 Spider Form              Tmut/Pois      #.........   34%         3    ####...
 Ice Form                 Ice/Tmut       #.......     75%         4    #####..
 Blade Hands              Tmut           ##........   83%         5    ######.


Dungeon Overview and Level Annotations

Branches:
Dungeon (2/15)

Altars:

Annotations:
D:2 Natasha


Innate Abilities, Weirdness & Mutations

You cannot wear boots.
Your serpentine skin is tough. (AC +1)
You have supernaturally acute eyesight. (SInv)
Armour fits poorly on your strangely shaped body.
Your system is resistant to poisons. (rPois)
You cover ground very slowly.
You have a slow metabolism.
You can spit poison.


Message History

The scroll dissolves into smoke.
It was a scroll of fog.
Natasha mumbles some strange words.
Natasha's front paws start to glow.
The crimson imp barely misses you.
You have got your breath back.
Natasha casts a spell.
Natasha mumbles some strange words.
The crimson imp barely misses you.
As you read the scroll labeled REMOUM APRO, it crumbles to dust.
It is a scroll of enchant weapon.
Your +0 dagger glows red for a moment.
As you read the scroll labeled KOSMUJ ZUTEEM, it crumbles to dust.
It is a scroll of identify.
j - a scroll of teleportation The crimson imp hits you.
* * * LOW HITPOINT WARNING * * *
As you read the scroll of teleportation, it crumbles to dust.
You feel strangely unstable. The crimson imp spits at you.
The crimson imp hits you.
You die...

.......
#........#
#####+#
#........#
#........# ###+
#§.......#
.....###§§§.....#
......§§§§§.....#
......§5§§§...###
.....###5##.#####
.......§5@.......
..%..###..#.#####
... ##.# # . #..
##.. .. ..# ..#


You could see 2 crimson imps and a white imp (summoned).

Vanquished Creatures
  A howler monkey skeleton (D:2)
  A dart slug (D:1)
  A leopard gecko (D:2)
  2 bats
  2 goblins (D:1)
  3 hobgoblins (D:1)
  3 frilled lizards
  3 kobolds (D:1)
  3 rats
19 creatures vanquished.

Vanquished Creatures (others)
  A dart slug (D:1)
  A hobgoblin (D:1)
2 creatures vanquished.

Grand Total: 21 creatures vanquished

Notes
Turn   | Place    | Note
-------+----------+-------------------------------------------
     0 | D:1      | Martska the Naga Transmuter began the quest for the Orb.
     0 | D:1      | Reached XP level 1. HP: 18/18 MP: 3/3
   713 | D:1      | Reached XP level 2. HP: 20/25 MP: 5/5
  1427 | D:2      | Reached XP level 3. HP: 7/31 MP: 6/6
  1982 | D:2      | Noticed Natasha
  1997 | D:2      | HP: 1/31 [crimson imp[Natasha] (3)]
  1998 | D:2      | Slain by a crimson imp

Illustrated notes

Levels and vault maps discovered:
D:1:      dpeg_arrival_round_b, layout_basic, lemuel_flame_loot_1
D:2:      layout_basic, uniq_natasha

Skill      XL: |  1  2 |
---------------+-------+-----
Transmutations | 3 |  3.5
Fighting       | |  1.0
Dodging        | |  1.5
Unarmed Combat | |  3.0
Spellcasting   | |  2.0

Action                   || total
-------------------------++-------
Melee: Dagger            ||    98
       Unarmed           ||     4
 Abil: Spit Poison       ||     7
  Use: Scroll            ||     4
  Eat: Ration            ||     1
Armor: Robe              ||    27
Dodge: Dodged            ||    67
